 Dungeon Crawl Stone Soup version 0.30.0 (webtiles) character file.

Game seed: 14996062064790869945

1308 Persephone the Skirmisher (level 8, -8/64 HPs)
             Began as a Gnoll Hunter on May 6, 2023.
             Was a Believer of Okawaru.
             Mangled by a black bear (10 damage)
             ... on level 6 of the Dungeon.
             The game lasted 00:07:12 (3848 turns).

Persephone the Skirmisher (Gnoll Hunter)            Turns: 3848, Time: 00:07:13

Health: -8/64      AC:  5    Str: 12    XL:     8   Next: 58%
Magic:  13/13      EV: 14    Int:  8    God:    Okawaru [**....]
Gold:   215        SH:  0    Dex: 17    Spells: 14/14 levels left

rFire   . . .        a - +1 shortbow
rCold   . . .        (shield currently unavailable)
rNeg    + . .        c - +1 leather armour
rPois   .            k - +0 helmet
rElec   .            (no cloak)
rCorr   .            (no gloves)
SInv    .            (no boots)
Will    .....        (no amulet)
Stlth   +++          q - ring of positive energy
HPRegen 0.30/turn    (no ring)
MPRegen 0.13/turn

%: no passive effects
@: mighty
A: fangs 1, strong nose, distributed training
a: Renounce Religion, Heroism


You were on level 6 of the Dungeon.
You worshipped Okawaru.
Okawaru was pleased with you.
You visited 1 branch of the dungeon, and saw 6 of its levels.

You collected 215 gold pieces.

Inventory:

Hand Weapons
 a - a +1 shortbow (weapon)
Armour
 c - a +1 leather armour (worn)
 k - a +0 helmet (worn)
Jewellery
 f - a ring of magical power
 m - a ring of flight
 q - a ring of positive energy (left hand)
 v - a +6 ring of dexterity
Wands
 i - a wand of light (5)
Scrolls
 b - a scroll of immolation
 n - a scroll of identify
 p - a scroll of blinking {unknown}
 r - 2 scrolls of teleportation
 t - a scroll of enchant armour
 u - a scroll of noise {unknown}
Potions
 d - 2 potions of might
 e - 2 potions of brilliance
 g - 3 potions of flight
 h - a potion of curing {unknown}
 j - a potion of resistance {unknown}
 l - 3 potions of haste {unknown}
 o - a potion of ambrosia {unknown}
 s - 3 potions of heal wounds {unknown}


   Skills:
 + Level 5.8 Fighting
 + Level 3.5 Short Blades
 + Level 3.5 Long Blades
 + Level 3.5 Axes
 + Level 3.5 Maces & Flails
 + Level 3.5 Polearms
 + Level 3.5 Staves
 + Level 9.3 Ranged Weapons
 + Level 3.5 Throwing
 + Level 3.5 Armour
 + Level 5.8 Dodging
 + Level 4.3 Stealth
 + Level 3.5 Shields
 + Level 3.5 Unarmed Combat
 + Level 3.5 Spellcasting
 + Level 2.9 Conjurations
 + Level 2.9 Hexes
 + Level 2.9 Summonings
 + Level 2.9 Necromancy
 + Level 2.9 Translocations
 + Level 2.9 Transmutations
 + Level 2.9 Fire Magic
 + Level 2.9 Ice Magic
 + Level 2.9 Air Magic
 + Level 2.9 Earth Magic
 + Level 2.9 Poison Magic
 + Level 3.9 Invocations
 + Level 3.5 Evocations


You had 14 spell levels left.
You didn't know any spells.
Your spell library contained the following spells:

 Spells                   Type           Power      Damage    Failure   Level
 Beastly Appendage        Tmut           12%        N/A       12%         1
 Wereblood                Tmut           6%         N/A       19%         2
 Spider Form              Tmut/Pois      6%         N/A       34%         3
 Anguish                  Hex/Necr       3%         N/A       75%         4
 Enfeeble                 Hex            3%         N/A       100%        7


Dungeon Overview and Level Annotations

Branches:
Dungeon (6/15)
 Temple: D:4-7

Altars:
Elyvilon
Fedhas
Hepliaklqana
Kikubaaqudgha
Okawaru
Qazlal
Ru
Sif Muna
Wu Jian
Zin


Innate Abilities, Weirdness & Mutations

You have very sharp teeth.
Your uncanny sense of smell can sniff out nearby items.
Your experience applies equally to all skills.


Message History

Fire: a) +1 shortbow
Press: ? - help, Shift-Dir - straight line, f/p - black bear
Aim: a black bear (almost dead, berserk, 73% to hit)
You shoot an arrow. The arrow barely misses the black bear.
The black bear misses you. The black bear closely misses you. x2
The black bear bites you!
* * * LOW HITPOINT WARNING * * *
The black bear claws you.
* * * LOW HITPOINT WARNING * * *
The black bear misses you.
It was a potion of might.
You feel very mighty all of a sudden. The black bear closely misses you.
The black bear misses you. The black bear claws you.
* * * LOW HITPOINT WARNING * * *
The black bear attacks as you move away!
The black bear bites you!
* * * LOW HITPOINT WARNING * * *
The black bear claws you but does no damage. x2
The black bear rages.
The black bear completely misses you. The black bear claws you.
* * * LOW HITPOINT WARNING * * *
The black bear misses you.
Unknown command.
Okay, then.
Fire: a) +1 shortbow
Press: ? - help, Shift-Dir - straight line, f/p - black bear
Aim: a black bear (almost dead, berserk, 73% to hit)
You shoot an arrow.
The arrow hits the black bear but does no damage.
The black bear is almost dead.
The black bear barely misses you. x2; The black bear claws you.
* * * LOW HITPOINT WARNING * * *
Fire: a) +1 shortbow
Press: ? - help, Shift-Dir - straight line, f/p - black bear
Aim: a black bear (almost dead, berserk, 73% to hit)
You shoot an arrow. The arrow hits the black bear.
The black bear is almost dead.
The black bear bites you!
You die...

#.##..#########
####.#...........#
.....#.###.#####.#
###....# #.# #)#
#..#.###.# #.#
#..#..<..# #.#
#..###########.##
#..##...........#
#..##.########@.#
#..............h#
##.##.#####.###....#
#...... .. ##......#
####.#### .......
#.# .#..... #.#
##.##.. #.# # # #..


You could see a black bear (berserk).

Vanquished Creatures
  Pikel (D:6)
  Eustachio (D:5)
  2 water moccasins (D:5)
  An ogre (D:4)
  A phantom (D:4)
  A hound (D:4)
  2 orc priests (D:4)
  3 iguanas
  An orc wizard (D:5)
  10 adders
  An ufetubus (D:5)
  2 worms
  2 dart slugs (D:1)
  7 orcs
  9 endoplasms
  2 giant cockroaches
  5 goblins
  5 hobgoblins
  2 quokkas
  8 ball pythons
  7 bats
  3 frilled lizards
  8 kobolds
  8 rats
  A butterfly (D:5)
93 creatures vanquished.

Vanquished Creatures (others)
  A plant (D:5)
1 creature vanquished.

Grand Total: 94 creatures vanquished

Notes
Turn   | Place    | Note
-------+----------+-------------------------------------------
     0 | D:1      | Persephone the Gnoll Hunter began the quest for the Orb.
     0 | D:1      | Reached XP level 1. HP: 20/20 MP: 1/1
   217 | D:1      | Reached XP level 2. HP: 26/26 MP: 2/2
   463 | D:1      | Reached XP level 3. HP: 31/31 MP: 3/3
   839 | D:1      | Reached skill level 1 in Invocations
   903 | D:2      | Reached skill level 1 in Short Blades
   903 | D:2      | Reached skill level 1 in Long Blades
   903 | D:2      | Reached skill level 1 in Axes
   903 | D:2      | Reached skill level 1 in Maces & Flails
   903 | D:2      | Reached skill level 1 in Polearms
   903 | D:2      | Reached skill level 1 in Staves
   903 | D:2      | Reached skill level 1 in Throwing
   903 | D:2      | Reached skill level 1 in Armour
   903 | D:2      | Reached skill level 1 in Shields
   903 | D:2      | Reached skill level 1 in Unarmed Combat
   903 | D:2      | Reached skill level 1 in Spellcasting
   903 | D:2      | Reached skill level 1 in Evocations
  1054 | D:2      | Reached XP level 4. HP: 14/38 MP: 5/5
  1151 | D:2      | Reached skill level 1 in Conjurations
  1151 | D:2      | Reached skill level 1 in Hexes
  1151 | D:2      | Reached skill level 1 in Summonings
  1151 | D:2      | Reached skill level 1 in Necromancy
  1151 | D:2      | Reached skill level 1 in Translocations
  1151 | D:2      | Reached skill level 1 in Transmutations
  1151 | D:2      | Reached skill level 1 in Fire Magic
  1151 | D:2      | Reached skill level 1 in Ice Magic
  1151 | D:2      | Reached skill level 1 in Air Magic
  1151 | D:2      | Reached skill level 1 in Earth Magic
  1151 | D:2      | Reached skill level 1 in Poison Magic
  1390 | D:3      | Identified the +10 short sword "Zamish" {venom, rPois MP+9
                  | SInv}
  1608 | D:3      | Found a stormy altar of Qazlal.
  1620 | D:3      | Found an ornate altar of the Wu Jian Council.
  1676 | D:3      | Reached XP level 5. HP: 43/43 MP: 7/7
  1963 | D:4      | Found an iron altar of Okawaru.
  1990 | D:4      | Became a worshipper of Warmaster Okawaru
  2058 | D:4      | Reached XP level 6. HP: 50/50 MP: 8/8
  2133 | D:4      | Reached skill level 5 in Fighting
  2133 | D:4      | Reached skill level 5 in Dodging
  2427 | D:4      | Found a glowing silver altar of Zin.
  2730 | D:5      | Entered Level 5 of the Dungeon
  2740 | D:5      | Noticed a water moccasin
  2750 | D:5      | Killed a water moccasin
  2751 | D:5      | Reached XP level 7. HP: 51/56 MP: 10/10
  2770 | D:5      | Found a hazy altar of Hepliaklqana.
  2896 | D:5      | Reached * piety under Okawaru
  3148 | D:5      | Found a sacrificial altar of Ru.
  3161 | D:5      | Reached skill level 9 in Ranged Weapons
  3211 | D:5      | Noticed Eustachio
  3334 | D:5      | Killed Eustachio
  3335 | D:5      | Reached XP level 8. HP: 34/63 MP: 9/12
  3471 | D:5      | Found a white marble altar of Elyvilon.
  3590 | D:5      | Found a shimmering blue altar of Sif Muna.
  3631 | D:6      | Found a blossoming altar of Fedhas.
  3634 | D:6      | Found an ancient bone altar of Kikubaaqudgha.
  3794 | D:6      | Noticed Pikel
  3812 | D:6      | Killed Pikel
  3812 | D:6      | Reached ** piety under Okawaru
  3846 | D:6      | HP: 3/64 [black bear (2)]
  3848 | D:6      | Mangled by a black bear

Illustrated notes

Levels and vault maps discovered:
D:1:      tarquinn_simple_flora_water_b, layout_basic, minmay_door_square
D:2:      layout_rooms, minmay_tetromino_i2
D:3:      layout_rooms, mainiacjoe_overflow_catwalk_spiral,
          chequers_serial_rivers_small_b, skrybe_limestone_x
D:4:      layout_loops_corners, okawaru_trees_2, lemuel_crystal_altar,
          minmay_misc_feat_doors
D:5:      layout_cave_pools, mainiacjoe_overflow_alcove_4,
          nicolae_hepliaklqana_hazy_memory, nicolae_elyvilon_peaceful_grove,
          nicolae_ru_great_annihilating_truth, uniq_eustachio
D:6:      layout_loops_ring, grunt_temple_overflow_growth_and_decay,
          kennysheep_slug_shrine, nicolae_uskayaw_dance_studio,
          uniq_blork_the_orc, uniq_pikel

Skill      XL: |  1  2  3  4  5  6  7  8 |
---------------+-------------------------+-----
Invocations    | 1 2 3 |  3.9
Short Blades   | 1 2 3 |  3.5
Long Blades    | 1 2 3 |  3.5
Axes           | 1 2 3 |  3.5
Maces & Flails | 1 2 3 |  3.5
Polearms       | 1 2 3 |  3.5
Staves         | 1 2 3 |  3.5
Throwing       | 1 2 3 |  3.5
Armour         | 1 2 3 |  3.5
Shields        | 1 2 3 |  3.5
Unarmed Combat | 1 2 3 |  3.5
Spellcasting   | 1 2 3 |  3.5
Evocations     | 1 2 3 |  3.5
Conjurations   | 1 2 |  2.9
Hexes          | 1 2 |  2.9
Summonings     | 1 2 |  2.9
Necromancy     | 1 2 |  2.9
Translocations | 1 2 |  2.9
Transmutations | 1 2 |  2.9
Fire Magic     | 1 2 |  2.9
Ice Magic      | 1 2 |  2.9
Air Magic      | 1 2 |  2.9
Earth Magic    | 1 2 |  2.9
Poison Magic   | 1 2 |  2.9
Stealth        | 3 4 |  4.3
Fighting       | 5 |  5.8
Dodging        | 5 |  5.8
Ranged Weapons | 9 |  9.3

Action                     |  1- 3 |  4- 6 |  7- 9 || total
---------------------------+-------+-------+-------++-------
   Fire: Shortbow          |   104 |   136 |   102 ||   342
 Invoke: Heroism           |       |       |     2 ||     2
    Use: Scroll            |       |    10 |       ||    10
         Potion            |       |       |     1 ||     1
 Armour: Leather armour    |     6 |     3 |    18 ||    27
  Dodge: Dodged            |    26 |    32 |    66 ||   124
